 Dungeon Crawl Stone Soup version 0.28.0-43-g3370ac3207 (webtiles) character file.

Game seed: 82998353472931088

2 CryoSword the Skirmisher (level 1, 0/24 HPs)
             Began as an Ogre Chaos Knight on Mar 8, 2022.
             Was a Plaything of Xom.
             Succumbed to a goblin's poison
             ... on level 1 of the Dungeon.
             The game lasted 00:00:25 (40 turns).

CryoSword the Skirmisher (Ogre Chaos Knight)          Turns: 40, Time: 00:00:26

Health: 0/24       AC:  5    Str: 15    XL:     1   Next: 40%
Magic:  1/1        EV:  9    Int: 13    God:    Xom [..*...]
Gold:   0          SH:  0    Dex:  8    Spells: 0/0 levels left

rFire   . . .      SeeInvis .   a - +0 mace (chaos)
rCold   . . .      Faith    .   (no shield)
rNeg    . . .      Spirit   .   b - +2 robe
rPois   +          Reflect  .   (helmet restricted)
rElec   .          Harm     .   (no cloak)
rCorr   .          Rampage  .   (gloves unavailable)
Will    +....                   (boots unavailable)
Stlth   +.........              (no amulet)
HPRegen 0.08/turn               (no ring)
MPRegen 0.07/turn               (no ring)

@: lethally poisoned (0 -> -5)
A: large, unfitting armour, tough skin 1, talons 1, strong-willed 1, poison
resistance
a: Renounce Religion


You were on level 1 of the Dungeon.
You worshipped Xom.
You were a toy of Xom.
You visited 1 branch of the dungeon, and saw 1 of its levels.

Inventory:

Hand Weapons
 a - a +0 mace of chaos (weapon)
Armour
 b - a +2 robe (worn)


   Skills:
 + Level 4.0 Fighting
 * Level 2.8 Maces & Flails
 + Level 2.1 Dodging


You couldn't memorise any spells.
You didn't know any spells.
Your spell library was empty.

Dungeon Overview and Level Annotations

Branches:
Dungeon (1/15)

Altars:


Innate Abilities, Weirdness & Mutations

You are too large for most types of armour.
You have tough skin. (AC +1)
You have sharp toenails.
You are strong-willed. (Will+)
Your system is resistant to poisons. (rPois)


Message History

Welcome, CryoSword the Ogre Chaos Knight.
Everyone else who sought the Orb of Zot has failed.
Will you be different?
Xom says: A new plaything!
Found 29 stones and a metallic puce potion.
Found two escape hatches in the floor.
Found a staircase leading out of the dungeon.
c - a metallic puce potion A bat comes into view.
A bat is nearby!
A bat is nearby!
You hit the bat but do no damage.
The bat resists with some effort.
The bat closely misses you. The bat hits you but does no damage. x2
You miss the bat. The bat closely misses you.
The bat hits you but does no damage.
You barely miss the bat. The bat hits you but does no damage. x2
You hit the bat. The bat hits you. The bat hits you but does no damage. x2
You barely miss the bat. The bat closely misses you.
You miss the bat. The bat hits you but does no damage. x3
You closely miss the bat. The bat barely misses you.
The bat hits you but does no damage. The bat misses you.
The bat barely misses you.
A goblin and a ball python come into view.
The goblin is wielding a +2 dagger of venom.
The goblin shouts!
The ball python hisses angrily.
The bat hits you but does no damage.
The ball python moves out of view.
The bat hits you but does no damage. The bat hits you but does no damage.
The bat hits you but does no damage.
The goblin hits you with a +2 dagger of venom.
You are poisoned.
The bat hits you but does no damage.
You feel sick. The bat hits you.
You feel sick. The bat barely misses you.
The ball python bites you but does no damage.
The ball python barely misses you.
You feel sick.
You feel sick.
You feel sick.
You closely miss the goblin.
You feel sick.
The goblin hits you with a +2 dagger of venom.
* * * LOW HITPOINT WARNING * * *
You are lethally poisoned!
It was a potion of mutation.
You feel extremely strange.
Your toenails lengthen and sharpen.
Xom is mildly amused.
You feel resistant to poisons.
You feel strong-willed.
* * * LOW HITPOINT WARNING * * *
You feel very sick. The goblin closely misses you.
You completely miss the goblin. You claw the goblin.
You kill the goblin!
* * * LOW HITPOINT WARNING * * *
You feel very sick. The ball python closely misses you.
You completely miss the ball python. You claw the ball python.
You kill the ball python!
* * * LOW HITPOINT WARNING * * *
You feel sick. The bat barely misses you.
* * * LOW HITPOINT WARNING * * *
You feel sick. The bat hits you but does no damage. The bat closely misses you.
Things that are here:
a +2 dagger of venom; a goblin corpse You closely miss the bat.
Your kick misses the bat.
You die...
Xom thinks this is hilarious!

#.#+#....# ....## ##
..8.8....# .⌠....#####..
.........# ...⌠....#....
.#.......# ⌠....⌠.....⌠.
.........# .............
#.......# #....<....
#.......# ####...###
#.......####### ##...##
#........b@...## ##..⌠..##
#############..####.......#
##..##..⌠...⌠..
##.......⌠....
#####......(# #########


You could see a bat.

Vanquished Creatures
  A ball python (D:1)
  A goblin (D:1)
2 creatures vanquished.

Notes
Turn   | Place    | Note
-------+----------+-------------------------------------------
     0 | D:1      | CryoSword the Ogre Chaos Knight began the quest for the
                  | Orb.
     0 | D:1      | Reached XP level 1. HP: 24/24 MP: 1/1
    36 | D:1      | Gained mutation: You have sharp toenails. [potion of
                  | mutation]
    36 | D:1      | Gained mutation: Your system is resistant to poisons.
                  | (rPois) [potion of mutation]
    36 | D:1      | Gained mutation: You are strong-willed. (Will+) [potion of
                  | mutation]
    39 | D:1      | HP: 1/24 [poisoned by a goblin]
    40 | D:1      | Succumbed to a goblin's poison

Illustrated notes

Levels and vault maps discovered:
D:1:      dpeg_arrival_leaves_temple_mockup, layout_basic,
          dreamdust_ecumenical_altar_angels_and_demons,
          hangedman_feature_mirror, hangedman_decor_peaks_small

Action                   || total
-------------------------++-------
Melee: Mace              ||    11
       Kick              ||     2
  Use: Potion            ||     1
Armor: Robe              ||    18
Dodge: Dodged            ||    12
